 Dungeon Crawl Stone Soup version 0.29.0-4-gdea44cf6ec (webtiles) character file.

Game seed: 15734222734995501668

67 SnakkuSnakku7 the Caller (level 3, -1/26 HPs)
             Began as a Palentonga Summoner on Aug 27, 2022.
             Was a Follower of the Shining One.
             Slain by an iguana (6 damage)
             ... on level 3 of the Dungeon.
             The game lasted 00:03:05 (2795 turns).

SnakkuSnakku7 the Caller (Palentonga Summoner)      Turns: 2795, Time: 00:03:06

Health: -1/26      AC:  7    Str: 12 (15) XL:     3   Next: 98%
Magic:  6/6        EV:  3    Int: 12 (15) God:    the Shining One [*.....]
Gold:   123        SH:  0    Dex:  8 (10) Spells: 5/6 levels left

rFire   . . .      SeeInvis +   f - +0 spear
rCold   . . .      Faith    .   (no shield)
rNeg    . . .      Spirit   .   i - +0 chain mail
rPois   .          Reflect  .   (no helmet)
rElec   .          Harm     .   (no cloak)
rCorr   .          Rampage  .   (no gloves)
Will    .....                   (no barding)
Stlth   ..........              (no amulet)
HPRegen 0.08/turn               (no ring)
MPRegen 0.10/turn               (no ring)

@: glowing
A: large, rugged brown scales 3, see invisible, deformed body, roll 1, armoured
tail
a: Rolling Charge, Renounce Religion, Divine Shield


You were on level 3 of the Dungeon.
You worshipped the Shining One.
The Shining One was aware of your devotion.
You visited 1 branch of the dungeon, and saw 3 of its levels.

You collected 123 gold pieces.

Inventory:

Hand Weapons
 d - a +0 club
 f - a +0 spear (weapon)
Missiles
 m - a poisoned dart (quivered)
 r - 4 boomerangs
Armour
 a - a +0 robe
 i - a +0 chain mail (worn)
Scrolls
 g - 2 scrolls of noise {unknown}
 h - a scroll of acquirement {unknown}
 k - a scroll of silence {unknown}
 l - 2 scrolls of identify {unknown}
 n - a scroll of amnesia {unknown}
 o - a scroll of teleportation {unknown}
 p - a scroll of immolation {unknown}
Potions
 b - a potion of magic
 c - 2 potions of degeneration
 e - a potion of curing {unknown}
 j - a potion of resistance {unknown}
 q - a potion of brilliance {unknown}


   Skills:
 - Level 0.7 Fighting
 - Level 0.2 Maces & Flails
 + Level 1.5 Throwing
 - Level 1.5 Dodging
 - Level 1.2 Stealth
 - Level 0.4 Unarmed Combat
 - Level 2.0 Spellcasting
 - Level 3.9 Summonings


You had 5 spell levels left.
You knew the following spells:

 Your Spells              Type           Power      Damage    Failure   Level
a - Summon Small Mammal   Summ           40%        N/A       95%         1

Your spell library contained the following spells:

 Spells                   Type           Power      Damage    Failure   Level
 Call Imp                 Summ           10%        N/A       99%         2
 Sublimation of Blood     Necr           1%         N/A       100%        2
 Wereblood                Tmut           1%         N/A       100%        2
 Call Canine Familiar     Summ           10%        N/A       100%        3
 Summon Guardian Golem    Hex/Summ       5%         N/A       100%        3
 Summon Lightning Spire   Summ/Air       5%         N/A       100%        4
 Summon Hydra             Summ           5%         N/A       100%        7


Dungeon Overview and Level Annotations

Branches:
Dungeon (3/15)

Altars:
Fedhas
The Shining One

Shops:
D:2 (


Innate Abilities, Weirdness & Mutations

You are completely covered in rugged brown scales. (AC +3, +7% HP)
You have supernaturally acute eyesight. (SInv)
Armour fits poorly on your strangely shaped body.
You can roll at nearby foes to attack.
You have a long armoured tail.


Message History

You now have 123 gold pieces (gained 13).
Found a stone staircase leading down.
There is a stone staircase leading down here.
An iguana comes into view.
The iguana hisses angrily.
Throw: 3 darts (poison)
Press: ? - help, Q - select action, (/) - cycle Shift-Dir - straight line, f - iguana
Aim: an iguana (58% to hit)
You throw a poisoned dart. The poisoned dart hits the iguana.
The iguana is poisoned.
Unknown command.
Throw: 2 darts (poison)
Press: ? - help, Q - select action, (/) - cycle Shift-Dir - straight line, f/p - iguana
Aim: an iguana (lightly wounded, poisoned, 58% to hit)
You throw a poisoned dart.
The poisoned dart barely misses the iguana.
Unknown command.
You reach to attack!
You hit the iguana.
The iguana is moderately wounded.
You hit the iguana but do no damage.
The iguana is moderately wounded.
The iguana bites you!
You hit the iguana but do no damage.
The iguana is heavily wounded.
The iguana barely misses you.
You barely miss the iguana.
The iguana is heavily wounded.
The iguana looks more healthy.
The iguana bites you!
* * * LOW HITPOINT WARNING * * *
You are too injured to fight recklessly!
You are too injured to fight recklessly!
You are too injured to fight recklessly!
You aren't carrying any items that you can evoke.
Unknown command.
Unknown command.
It was a potion of degeneration.
There was something very wrong with that liquid.
You feel weakened.
You feel dopey.
You feel clumsy. The iguana bites you.
You die...

## #. #. ######( #### #
#....#. ###..# .#
####.#.###..#.###..#
#.#.l..........#
#.##@....#..####
######.##.#>####....#
.............# ####.# ###
#########..### ####.##....
...........######..........
..#####...........##.#.####
. .....##########.#.####
###.... .........#.#...
......######.....#.##


You could see an iguana.

Vanquished Creatures
  2 adders (D:2)
  5 ball pythons
  2 endoplasms
  7 goblins
  10 hobgoblins
  3 quokkas (D:1)
  2 bats
  A frilled lizard (D:1)
  5 kobolds
  4 rats
41 creatures vanquished.

Vanquished Creatures (collateral kills)
  An endoplasm (D:1)
  A goblin (D:1)
  A ball python (D:1)
3 creatures vanquished.

Grand Total: 44 creatures vanquished

Notes
Turn   | Place    | Note
-------+----------+-------------------------------------------
     0 | D:1      | SnakkuSnakku7 the Palentonga Summoner began the quest for
                  | the Orb.
     0 | D:1      | Reached XP level 1. HP: 13/13 MP: 3/3
   377 | D:1      | Reached XP level 2. HP: 20/20 MP: 5/5
   804 | D:1      | Found a faded altar of an unknown god.
   832 | D:1      | Prayed at the altar of an unknown god.
   832 | D:1      | Became a worshipper of the Shining One
   832 | D:1      | Reached * piety under the Shining One
  1433 | D:1      | Reached XP level 3. HP: 26/26 MP: 6/6
  1631 | D:2      | Found a blossoming altar of Fedhas.
  1696 | D:2      | Reached skill level 1 in Throwing
  1700 | D:2      | Found Xopp's Antique Weapon Emporium.
  2795 | D:3      | Slain by an iguana

Illustrated notes

Levels and vault maps discovered:
D:1:      grunt_arrival_lava_bath, layout_basic,
          chequers_ecumenical_altar_island
D:2:      layout_basic, basic_altar, serial_shops, nicolae_shop_statue_plus,
          minmay_split_cup_small
D:3:      minmay_evil_eye, layout_rooms, serial_co_window_serial,
          co_window_corner_a, co_window_paths_b, co_window_paths_a,
          co_window_paths_b, co_window_paths_a, co_window_paths_a,
          co_window_paths_a, co_window_paths_b, co_window_of_opportunity_a,
          co_window_2corner, co_window_broadway_b, co_window_of_opportunity_c,
          co_window_sun, glass_columns_a, glass_columns_b, glass_columns_a,
          glass_columns_a, glass_columns_b

Skill      XL: |  1  2  3 |
---------------+----------+-----
Throwing       | 1 |  1.5
Fighting       | |  0.7
Maces & Flails | |  0.2
Dodging        | |  1.5
Stealth        | |  1.2
Unarmed Combat | |  0.4
Spellcasting   | |  2.0
Summonings     | |  3.9

Action                   || total
-------------------------++-------
Melee: Unarmed           ||    10
       Club              ||     6
       Tailslap          ||    17
       Spear             ||   132
       Punch             ||     3
Throw: Dart              ||     2
 Cast: Summon Small Mamm ||     6
  Use: Potion            ||     1
 Stab: Sleeping          ||     1
Armor: Robe              ||    18
       Chain mail        ||    65
Dodge: Dodged            ||    31
